 Dungeon Crawl Stone Soup version 0.25.1-9-gc5326a611f (webtiles) character file.

Game seed: 9710583114102739776

580 stebl the Cudgeler (level 7, -12/50 HPs)
             Began as a Demonspawn Gladiator on Dec 23, 2020.
             Was a Follower of Uskayaw.
             Mangled by a two-headed ogre
             ... wielding a +0 giant club
              (17 damage)
             ... on level 4 of the Dungeon.
             The game lasted 00:15:19 (5473 turns).

stebl the Cudgeler (Demonspawn Gladiator)           Turns: 5473, Time: 00:15:22

Health: -12/50     AC:  6    Str: 16    XL:     7   Next: 13%
Magic:  7/7        EV:  9    Int: 10    God:    Uskayaw [*.....]
Gold:   200        SH:  8    Dex: 14    Spells: 6/6 levels left

rFire    . . .     SeeInvis .   a - +0 flail
rCold    . . .     Gourm    .   c - +0 kite shield
rNeg     . . .     Faith    .   k - +0 ring mail
rPois    .         Spirit   .   (helmet restricted)
rElec    .         Reflect  .   h - +0 cloak
rCorr    .         Harm     .   (no gloves)
MR       .....                  (no boots)
Stlth    +.........             (no amulet)
HPRegen  0.16/turn              (no ring)
MPRegen  0.10/turn              (no ring)

@: no status effects
A: antennae 2, powered by death 1, powered by pain 1
a: Stomp, Renounce Religion


You were on level 4 of the Dungeon.
You worshipped Uskayaw.
Uskayaw was noncommittal.
You were not hungry.

You visited 1 branch of the dungeon, and saw 6 of its levels.

You collected 200 gold pieces.


Innate Abilities, Weirdness & Mutations

You have a pair of antennae on your head.
You regenerate a little health from kills.
You sometimes gain a little power by taking damage.


   Skills:
 - Level 2.0 Fighting
 + Level 7.2 Maces & Flails
 - Level 1.7 Throwing
 - Level 2.6 Dodging
 + Level 1.7 Shields


You had 6 spell levels left.
You didn't know any spells.
Your spell library was empty.

Inventory:

Hand Weapons
 a - a +0 flail (weapon)
 i - a +0 hunting sling
Missiles
 l - 148 stones (quivered)
 q - 50 sling bullets
Armour
 c - a +0 kite shield (worn)
 h - a +0 cloak (worn)
 k - a +0 ring mail (worn)
Scrolls
 g - a scroll of fear {unknown}
 m - a scroll of magic mapping {unknown}
 p - 4 scrolls of remove curse {@r2}
 s - a scroll of blinking {unknown}
Potions
 e - a potion of flight
 j - 2 potions of curing {unknown}
 t - a potion of haste {@q3}
 v - a potion of degeneration {unknown}
 w - a potion of mutation
Comestibles
 b - 8 chunks of flesh
 f - 8 rations {@e1}

Dungeon Overview and Level Annotations

Branches:
Dungeon (6/15)             Temple (0/1) D:4

Altars:
Elyvilon
Gozag
Uskayaw
Zin
The Shining One

Annotations:
D:2 1 runed translucent door, Crazy Yiuf, Jessica
D:3 3 runed translucent doors, Sigmund; hawkwood's ghost, amateur DgAr

# .## . ..# ..#
#.. # #.####..###
#.# # #...)....
...#(# ###........
..#.# ..>.# .# #
#.#.#
..####.##..###.#.#
.>...#.##..##....#
..............#[@#
..##...##..##...O#
..###..##..###.#.#
..###..##.[###.#.#
#...........##.#.#
.................#
.#.##.####.#######
.#.##.# #.#
.#.##.# #.#


You could see a two-headed ogre.


Message History

The two-headed ogre struggles against the net.
You sock the two-headed ogre!
The two-headed ogre is moderately wounded.
The two-headed ogre struggles against the net.
You hit the two-headed ogre but do no damage.
The two-headed ogre is moderately wounded.
The two-headed ogre struggles against the net.
You hit the two-headed ogre but do no damage.
The two-headed ogre is lightly wounded.
The two-headed ogre struggles against the net. x2
The net rips apart, and the two-headed ogre comes free!
You sock the two-headed ogre!
The two-headed ogre is moderately wounded.
The two-headed ogre hits you with a +0 giant club.
The two-headed ogre hits you with a +0 giant club!!
* * * LOW HITPOINT WARNING * * *
You can now pass through a line of other dancers.
Use which ability? (? or * to list)
Aiming: Line Pass
Press: ? - help, Dir - move target cursor, p - two-headed ogre The two-headed ogre appears confused.
You feel quite a bit more hungry.
You can no longer pass through a line of other dancers.
You hit the two-headed ogre.
The two-headed ogre is moderately wounded.
The two-headed ogre seems less confused.
The two-headed ogre hits you with a +0 giant club!!
* * * LOW HITPOINT WARNING * * *
You focus on the pain.
You feel your power returning.
The two-headed ogre hits you with a +0 giant club!
You die...

Skill      XL: |  1  2  3  4  5  6 |
---------------+-------------------+-----
Maces & Flails | 3 4 5 6 7 |  7.2
Shields        | 1 |  1.7
Fighting       | |  2.0
Throwing       | |  1.7
Dodging        | |  2.6

Action                   |  1- 3 |  4- 6 |  7- 9 || total
-------------------------+-------+-------+-------++-------
Melee: Flail             |   103 |   204 |    32 ||   339
Throw: Stone             |     9 |    12 |       ||    21
       Throwing net      |       |       |     3 ||     3
Invok: Line Pass         |       |       |     2 ||     2
Evoke: Wand              |       |     5 |       ||     5
  Use: Scroll            |       |     1 |     5 ||     6
  Eat: Chunk             |     4 |    10 |     1 ||    15
Armor: Leather armour    |     9 |       |       ||     9
       Ring mail         |    27 |    72 |     2 ||   101
Dodge: Dodged            |    66 |   127 |     6 ||   199
Block: Kite shield       |       |    15 |     6 ||    21

Levels and vault maps discovered:
D:1:      ncdulo_lavacross, layout_basic
D:2:      layout_basic, overflow_temple_1_default, first_ration,
          hangedman_abyss_or_decor_lesser_grid, fountainhead, uniq_natasha,
          uniq_crazy_yiuf_cottage, uniq_jessica
D:3:      layout_basic, overflow_temple_1_default, gammafunk_ghost_necromancy,
          uniq_sigmund
D:4:      layout_loops_ring, minmay_temple_entry_overgrown
D:5:      layout_basic, tso_oasis_becter, kennysheep_mini_moat,
          gammafunk_temple_overflow_pools
D:6:      layout_basic, serial_curves, eino_curves_03, eino_curves_01,
          uniq_menkaure

Notes
Turn   | Place    | Note
-------+----------+-------------------------------------------
     0 | D:1      | stebl the Demonspawn Gladiator began the quest for the Orb.
     0 | D:1      | Reached XP level 1. HP: 16/16 MP: 1/1
   330 | D:1      | Reached skill level 3 in Maces & Flails
   710 | D:1      | Gained mutation: You have a pair of small antennae on your
                  | head. [demonic ancestry]
   710 | D:1      | Reached XP level 2. HP: 22/22 MP: 2/2
  1186 | D:2      | Noticed Natasha
  1198 | D:2      | Killed Natasha
  1198 | D:2      | Reached skill level 4 in Maces & Flails
  1198 | D:2      | Reached XP level 3. HP: 20/27 MP: 3/3
  1202 | D:2      | Noticed Natasha
  1477 | D:2      | Found a glowing silver altar of Zin.
  1521 | D:2      | Found a runed translucent door.
  1521 | D:2      | Noticed Jessica
  1522 | D:2      | Noticed Crazy Yiuf
  2151 | D:2      | Killed Natasha
  2151 | D:2      | Gained mutation: You regenerate a little health from kills.
                  | [demonic ancestry]
  2151 | D:2      | Reached XP level 4. HP: 18/33 MP: 4/4
  2549 | D:3      | Found an opulent altar of Gozag.
  2835 | D:2      | Reached skill level 5 in Maces & Flails
  3368 | D:3      | Reached XP level 5. HP: 35/38 MP: 5/5
  3807 | D:3      | You fall into a shaft and drop 3 floors!
  3812 | D:5      | Entered Level 5 of the Dungeon
  4087 | D:5      | Noticed a water moccasin
  4090 | D:5      | Killed a water moccasin
  4090 | D:5      | Reached skill level 6 in Maces & Flails
  4090 | D:5      | Gained mutation: You have a pair of antennae on your head.
                  | [demonic ancestry]
  4090 | D:5      | Reached XP level 6. HP: 44/44 MP: 6/6
  4771 | D:5      | Found a glowing golden altar of the Shining One.
  4892 | D:5      | Found a white marble altar of Elyvilon.
  4892 | D:5      | Found a hide-covered altar of Uskayaw.
  4902 | D:5      | Became a worshipper of Uskayaw the Reveler
  4960 | D:4      | Reached skill level 7 in Maces & Flails
  4968 | D:4      | Reached * piety under Uskayaw
  5017 | D:3      | Reached ** piety under Uskayaw
  5079 | D:3      | Reached skill level 1 in Shields
  5110 | D:3      | Gained mutation: You sometimes gain a little power by
                  | taking damage. [demonic ancestry]
  5110 | D:3      | Reached XP level 7. HP: 42/50 MP: 7/7
  5195 | D:3      | Found a runed translucent gate.
  5195 | D:3      | Found a runed translucent gate.
  5195 | D:3      | Found a runed translucent gate.
  5195 | D:3      | Noticed hawkwood's ghost (amateur DgAr)
  5214 | D:3      | Noticed Sigmund
  5315 | D:4      | Found a staircase to the Ecumenical Temple.
  5460 | D:4      | Noticed a two-headed ogre
  5473 | D:4      | HP: 5/50 [two-headed ogre/+0 giant club (18)]
  5473 | D:4      | Mangled by a two-headed ogre

Vanquished Creatures
  A water moccasin (D:5)
  A bullfrog zombie (D:5)
  2 orc priests (D:3)
  A jelly (D:5)
  Natasha (twice) (D:2)
  3 orc wizards
  2 worker ants (D:5)
  A killer bee zombie (D:5)
  4 gnolls
  4 adders
  An ooze (D:3)
  A worm (D:2)
  A leopard gecko (D:3)
  14 orcs
  A giant cockroach (D:3)
  6 goblins
  8 hobgoblins
  2 jackals (D:4)
  7 kobolds
  2 quokkas
  4 bats
  7 frilled lizards
  9 rats
84 creatures vanquished.

Table legend:
 A = Turns spent in this place as a percentage of turns spent in the entire game.
 B = Non-inter-level travel turns spent in this place as a percentage of non-inter-level travel turns spent in the entire game.
 C = Inter-level travel turns spent in this place as a percentage of turns spent in this place.
 D = Turns resting spent in this place as a percentage of non-inter-level travel turns spent in this place.
 E = Turns spent auto-exploring this place as a percentage of non-inter-level travel turns spent in this place.
 F = Non-inter-level travel turns spent in this place divided by the number of levels of this place that you've seen.
                   A       B       C       D       E      F
               +-------+-------+-------+-------+-------+----------------------
         Total | 100.0 | 100.0 |   3.2 |  30.3 |  50.0 | 882.8
       Dungeon | 100.0 | 100.0 |   3.2 |  30.3 |  50.0 | 882.8
               +-------+-------+-------+-------+-------+----------------------

Table legend:
 A = Non-vault XP
 B = Vault XP
 C = Vault XP percentage of total XP
 D = Non-vault monster count
 E = Vault monster count
 F = Vault count percentage of total count
                 A         B        C        D         E       F
            +---------+---------+-------+---------+---------+-------
      Total |     794 |      35 |   4.2 |      83 |       1 |   1.2
            +---------+---------+-------+---------+---------+-------
        D:1 |      14 |       0 |   0.0 |      10 |       0 |   0.0
        D:2 |      95 |      35 |  26.9 |      22 |       1 |   4.3
        D:3 |     254 |       0 |   0.0 |      33 |       0 |   0.0
        D:4 |      75 |       0 |   0.0 |       8 |       0 |   0.0
        D:5 |     356 |       0 |   0.0 |      10 |       0 |   0.0
            +---------+---------+-------+---------+---------+-------
